AoeStats
← ReidTheWombat

Arena

509322611Analyzed
4v4 RM · 4d ago on Sep 26, 2026· 49m 27s· 8 players
Game mode
Random Map
Map size
Large (8 player)
Population
200
Speed
Normal
Resources
Standard
Victory
Conquest
Starting age
Dark Age
Ending age
Imperial Age
RankedLock teamsTeams togetherTeam positionsShared explorationLock speedFull tech treeHidden civsTurbo modeCheats
Victory
Defeat
🇨🇳 Celts · China
1182
+13
🇨🇳 Saxons · China
1123
+15
🇨🇳 Franks · China
1097
+16
🇮🇳 Franks · India
1082
+17
🇦🇺 Muisca · Australia
1132
-16
🇹🇷 Japanese · Türkiye
1125
-16
🇦🇺 Cumans · Australia
1123
-16
🇬🇧 Burgundians · United Kingdom
1057
-13
Nicholas Li
11:09 Feudal Age
11:46 Double-Bit Axe
15:42 Castle Age
16:35 Wheelbarrow
16:18 Horse Collar
17:02 Gold Mining
17:04 Loom
18:53 Bow Saw
20:04 Heavy Plow
20:29 Fletching
20:38 Fletching
20:32 Crossbowman
23:19 Gold Shaft Mining
23:32 Bodkin Arrow
23:39 Padded Archer Armor
25:29 Hand Cart
25:27 Thumb Ring
27:55 Leather Archer Armor
30:59 Hand Cart
34:13 Imperial Age
34:19 Arbalester
35:23 Bracer
35:59 Ring Archer Armor
36:40 Caravan
38:23 Two-Man Saw
37:56 Crop Rotation
37:20 Stone Mining
oawanphf2u
8:50 Loom
10:36 Feudal Age
13:02 Double-Bit Axe
16:06 Castle Age
19:21 Bow Saw
24:04 Wheelbarrow
25:17 Hand Cart
26:32 Gold Mining
27:11 Pikeman
27:52 Squires
30:29 Imperial Age
28:40 Gold Shaft Mining
28:24 Forging
28:14 Scale Mail Armor
28:49 Town Watch
31:59 Conscription
32:30 Chain Mail Armor
32:50 Iron Casting
32:09 Stone Mining
32:12 Onager
32:48 Halberdier
33:14 Arson
36:20 Blast Furnace
35:51 Plate Mail Armor
34:44 Elite Throwing Axeman
37:42 Scale Barding Armor
42:19 Cavalier
42:59 Husbandry
43:23 Chain Barding Armor
芥蓝菜丶
9:02 Feudal Age
11:02 Double-Bit Axe
12:30 Man-at-Arms
15:32 Scale Mail Armor
16:02 Forging
21:08 Castle Age
21:10 Loom
21:37 Fletching
21:21 Long Swordsman
21:36 Pikeman
35:26 Wheelbarrow
36:39 Horse Collar
40:28 Hand Cart
40:55 Elite Skirmisher
42:00 Caravan
43:06 Heavy Plow
43:17 Bow Saw
44:47 Bodkin Arrow
44:52 Padded Archer Armor
45:23 Ballistics
45:21 Town Watch
50:54 Imperial Age
Know How To Cherish
11:49 Feudal Age
15:28 Castle Age
14:06 Double-Bit Axe
16:43 Bow Saw
22:51 Wheelbarrow
22:02 Loom
28:15 Imperial Age
26:10 Scale Barding Armor
26:16 Forging
27:28 Hand Cart
27:52 Chain Barding Armor
27:56 Gold Mining
28:22 Cavalier
33:18 Paladin
34:50 Iron Casting
36:31 Blast Furnace
40:21 Husbandry
42:15 Plate Barding Armor
50:34 Chemistry
49:55 Ballistics
Botgamer928
10:59 Feudal Age
16:19 Castle Age
15:11 Forging
16:25 Scale Barding Armor
16:23 Cavalier
26:39 Horse Collar
27:21 Double-Bit Axe
27:31 Gold Mining
30:33 Iron Casting
33:55 Scale Mail Armor
33:44 Pikeman
34:25 Squires
37:15 Imperial Age
36:38 Stone Mining
37:23 Gold Shaft Mining
37:04 Bow Saw
38:01 Fortified Wall
39:15 Conscription
38:18 Halberdier
39:58 Chain Mail Armor
41:53 Blast Furnace
41:23 Plate Mail Armor
42:32 Plate Mail Armor
43:02 Stone Shaft Mining
46:25 Chemistry
45:45 Ballistics
esse
4:20 Loom
11:00 Feudal Age
11:50 Double-Bit Axe
16:36 Castle Age
15:26 Horse Collar
16:38 Pikeman
17:48 Fletching
22:30 Squires
23:53 Fervor
24:22 Scale Mail Armor
24:25 Town Watch
26:22 Sanctity
26:29 Bow Saw
27:26 Wheelbarrow
28:29 Yasama
31:54 Imperial Age
29:18 Guard Tower
30:18 Bodkin Arrow
30:54 Ballistics
31:33 Chain Mail Armor
31:29 Forging
31:28 Yasama
31:29 Stone Mining
31:49 Heavy Plow
33:35 Two-Man Saw
32:01 Halberdier
33:53 Chemistry
34:35 Iron Casting
34:30 Plate Mail Armor
34:26 Conscription
35:21 Elite Samurai
36:42 Keep
35:48 Treadmill Crane
36:05 Murder Holes
37:40 Blast Furnace
37:48 Arrowslits
42:14 Hoardings
43:03 Hand Cart
42:48 Town Patrol
44:23 Redemption
47:26 Kataparuto
47:37 Kataparuto
ReidTheWombat
10:17 Feudal Age
11:45 Scale Mail Armor
11:12 Champi Runner
12:21 Forging
12:02 Double-Bit Axe
16:28 Horse Collar
22:01 Castle Age
22:06 Champi Warrior
23:03 Chain Mail Armor
23:39 Squires
26:08 Bow Saw
26:39 Wheelbarrow
26:25 Loom
26:51 Heavy Plow
27:55 Iron Casting
27:58 Gold Mining
29:17 Hand Cart
37:59 Imperial Age
37:20 Stone Mining
38:08 Gold Shaft Mining
37:50 Masonry
39:18 Plate Mail Armor
40:14 Two-Man Saw
39:51 Crop Rotation
39:16 Elite Temple Guard
41:24 Elite Champi Warrior
42:22 Fletching
47:39 Conscription
47:19 Bodkin Arrow
RedTheWeasel
9:04 Loom
11:26 Feudal Age
17:02 Double-Bit Axe
23:24 Horse Collar
26:24 Castle Age
25:49 Wheelbarrow
25:17 Fletching
25:27 Padded Archer Armor
27:09 Bodkin Arrow
27:29 Leather Archer Armor
26:42 Capped Ram
29:35 Leather Archer Armor
31:33 Thumb Ring
31:45 Bloodlines
35:00 Steppe Husbandry
39:41 Imperial Age
37:29 Hand Cart
37:00 Town Watch
42:15 Parthian Tactics
42:58 Ballistics
43:38 Chemistry
47:46 Bow Saw
47:25 Light Cavalry
Connection lost

Rejoining the realm…

Still unreachable

The connection could not be restored.

Session expired

The server has moved on; the page needs a fresh start.